 Dungeon Crawl Stone Soup version 0.23-a0-608-g7a20e1320a (webtiles) character file.

133 Hercules1031 the Cudgeler (level 4, -8/45 HPs)
             Began as a Troll Fighter on Dec 21, 2018.
             Mangled by a gnoll
             ... wielding a +0 halberd
              (13 damage)
             ... on level 2 of the Dungeon.
             The game lasted 00:04:35 (1263 turns).

Hercules1031 the Cudgeler (Troll Fighter)           Turns: 1263, Time: 00:04:35

Health: -8/45      AC:  5    Str: 25    XL:     4   Next: 94%
Magic:  3/3        EV:  8    Int:  4    God:
Gold:   129        SH:  9    Dex:  9    Spells: 3/3 levels left

rFire    . . .     SeeInvis .   a - +0 flail
rCold    . . .     Gourm    +   c - +0 shield
rNeg     . . .     Faith    .   i - +0 animal skin
rPois    .         Spirit   .   (helmet restricted)
rElec    .         Reflect  .   (no cloak)
rCorr    .         Harm     .   (gloves unavailable)
MR       .....                  (boots unavailable)
Stlth    +.........             (no amulet)
HPRegen  0.55/turn              (no ring)
MPRegen  0.08/turn              (no ring)

@: no status effects
A: large, unfitting armour, claws 3, fast metabolism 3, gourmand, regeneration
1, shaggy fur 1, tough skin 2
a: no special abilities


You were on level 2 of the Dungeon.
You were not hungry.

You visited 1 branch of the dungeon, and saw 2 of its levels.

You collected 129 gold pieces.

Inventory:

Hand Weapons
 a - a +0 flail (weapon)
Armour
 c - a +0 shield (worn)
 i - a +0 animal skin (worn)
Scrolls
 b - a scroll of noise {unknown}
 e - 2 scrolls of remove curse {unknown}
 f - a scroll of teleportation {unknown}
 h - a scroll of identify {unknown}
Potions
 d - a potion of might
 g - a potion of flight {unknown}


   Skills:
 + Level 3.0 Fighting
 * Level 3.2 Maces & Flails
 + Level 3.0 Dodging
 + Level 3.0 Shields


You had 3 spell levels left.
You didn't know any spells.
Your spell library was empty.

Dungeon Overview and Level Annotations

Branches:
Dungeon (2/15)

Altars:


Innate Abilities, Weirdness & Mutations

You are too large for most types of armour.
You have claws for hands.
Your metabolism is lightning-fast.
You like to eat raw meat.
Your natural rate of healing is unusually fast.
You are covered in fur. (AC +1)
You have very tough skin. (AC +2)


Message History

The gnoll is moderately wounded.
The gnoll closely misses you. You block the gnoll's attack.
You closely miss the gnoll.
The gnoll is moderately wounded.
The gnoll hits you but does no damage. The gnoll completely misses you.
The gnoll barely misses you.
You sock the gnoll!
The gnoll is almost dead.
The gnoll hits you from afar with a +0 halberd!
The gnoll hits you.
You thump the gnoll!
You kill the gnoll!
The gnoll hits you from afar with a +0 halberd. x2
* * * LOW HITPOINT WARNING * * *
Items here: )) †† a +0 club; a +0 flail; a gnoll corpse; a giant cockroach corpse You closely miss the gnoll.
The gnoll hits you with a +0 halberd.
* * * LOW HITPOINT WARNING * * *
You completely miss the gnoll. The gnoll hits you with a +0 halberd!
You die...

###### #######....#
##...@g.....#
##..######'..###... ##
##..##.....#.......(
.#########..#.#...$.#.###....
.##.....†..#..#.....#.# ...
........##.#..#.[...#.# ..
..#####.>..#..#....!#.# . .##
###..#..#######.# ## #..#.#.
...


You could see a gnoll.

Vanquished Creatures
  Robin (D:2)
  3 gnolls (D:2)
  3 adders (D:2)
  2 worms (D:2)
  A leopard gecko (D:2)
  A ball python (D:2)
  3 giant cockroaches (D:2)
  16 goblins
  6 hobgoblins
  2 jackals (D:2)
  5 kobolds
  9 bats
  2 frilled lizards (D:2)
  4 rats
58 creatures vanquished.

Vanquished Creatures (others)
  A plant (D:1)
1 creature vanquished.

Grand Total: 59 creatures vanquished

Notes
Turn   | Place    | Note
-------+----------+-------------------------------------------
     0 | D:1      | Hercules1031 the Troll Fighter began the quest for the Orb.
     0 | D:1      | Reached XP level 1. HP: 22/22 MP: 0/0
   219 | D:1      | Reached XP level 2. HP: 29/29 MP: 1/1
   936 | D:2      | Reached XP level 3. HP: 23/36 MP: 2/2
   953 | D:2      | Noticed Robin
   962 | D:2      | Killed Robin
  1094 | D:2      | Reached XP level 4. HP: 44/44 MP: 3/3
  1263 | D:2      | Mangled by a gnoll

Vault maps used:
D:1:      dpeg_arrival_court, serial_bayou_lagoon_a, serial_bayou_lake_a
D:2:      grunt_dithmenos_smoke, first_ration, chequers_ecumenical_altar_twisty,
          minmay_3d_cube, uniq_robin

Skill      XL: |  1  2  3  4 |
---------------+-------------+-----
Maces & Flails | 2 3 |  3.2
Fighting       | 3 |  3.0
Dodging        | 3 |  3.0
Shields        | 3 |  3.0

Action                   |  1- 3 |  4- 6 || total
-------------------------+-------+-------++-------
Melee: Flail             |   177 |    75 ||   252
  Use: Potion            |     1 |       ||     1
  Eat: Ration            |     4 |       ||     4
Armor: Robe              |    89 |       ||    89
       Animal skin       |     6 |    34 ||    40
Dodge: Dodged            |   107 |    29 ||   136
Block: Shield            |   110 |    44 ||   154

Table legend:
 A = Non-vault XP
 B = Vault XP
 C = Vault XP percentage of total XP
 D = Non-vault monster count
 E = Vault monster count
 F = Vault count percentage of total count
                 A         B        C        D         E       F
            +---------+---------+-------+---------+---------+-------
      Total |     141 |      50 |  26.2 |      45 |      13 |  22.4
            +---------+---------+-------+---------+---------+-------
        D:1 |      31 |       0 |   0.0 |      20 |       0 |   0.0
        D:2 |     110 |      50 |  31.2 |      25 |      13 |  34.2
            +---------+---------+-------+---------+---------+-------
